Map: Daybreak LE (Void)

Players

ReeKo - Winner!

  • Race: Terran Terran
  • League: Diamond
  • Spawn Location: 1:00

WoTaN

  • Race: Protoss Protoss
  • League: Diamond
  • Spawn Location: 7:00

VOD

Have the link to the VOD?

Description

Time

  • Played on: Jan. 6, 2017, 9:07 a.m.
  • Length: 9:43
Show
View Real Time Build Order
Export as new Build Order

ReeKo Terran - Winner!

Build Orders: Reaper Expand, MMM Bio 

Get SALT Encoding   

  12  0:00  SCV  
  13  0:13  SCV  
  14  0:19  Supply Depot  
  14  0:25  SCV  
  15  0:40  SCV  
  15  0:42  Barracks  
  16  0:46  Refinery  
  16  0:52  SCV  
  17  1:04  SCV  
  18  1:17  SCV  
  19  1:28  Reaper  
  19  1:30  Orbital Command  
  20  1:49  Command Center  
  20  1:57  SCV  
  21  2:08  Supply Depot  
  21  2:10  SCV  
  21  2:15  Barracks  
  23  2:22  SCV  
  23  2:25  Barracks Reactor  
  23  2:34  SCV  
  24  2:47  SCV  
  25  2:59  SCV  
  25  3:00  Orbital Command  
  25  3:03  Bunker, Marine x2, Barracks Tech Lab  
  28  3:09  Factory  
  28  3:11  SCV  
  29  3:14  Refinery  
  29  3:23  SCV  
  29  3:24  Marine  
  29  3:25  Marine x2  
  33  3:29  Stimpack  
  34  3:34  SCV  
  34  3:36  SCV  
  35  3:41  Supply Depot  
  35  3:43  Marine x2  
  35  3:45  Marine  
  35  3:47  SCV  
  39  3:49  SCV  
  40  3:56  Starport, Factory Reactor  
  40  4:00  SCV  
  41  4:04  Refinery  
  41  4:05  SCV  
  41  4:08  Marine x3  
  45  4:13  SCV  
  46  4:19  Barracks  
  46  4:26  SCV  
  46  4:27  SCV, Marine x2  
  46  4:28  Marine  
  51  4:39  SCV  
  51  4:45  Engineering Bay, Marine x2  
  52  4:46  Factory Tech Lab  
  54  4:53  Engineering Bay  
  54  4:58  Marine  
  54  4:59  Supply Depot  
  55  5:01  Supply Depot  
  55  5:03  Marine  
  55  5:04  SCV x2  
  55  5:05  Marine x2  
  60  5:10  Medivac  
  62  5:15  Terran Infantry Weapons Level 1  
  62  5:21  SCV x2, Medivac  
  66  5:25  Marine x2, Terran Infantry Armor Level 1  
  69  5:29  Supply Depot, Combat Shields  
  69  5:30  Marine  
  69  5:33  SCV  
  69  5:34  Barracks Reactor  
  69  5:35  Supply Depot  
  70  5:37  SCV  
  71  5:43  Marine  
  71  5:44  Marine  
  71  5:45  SCV  
  71  5:48  Missile Turret  
  74  5:51  Missile Turret  
  74  5:54  Missile Turret  
  74  5:56  SCV, Marine  
  76  6:06  Missile Turret  
  76  6:07  Armory  
  76  6:13  SCV x2  
  76  6:17  Siege Tank, Marine x3  
  84  6:23  Supply Depot  
  84  6:25  Refinery  
  84  6:26  Supply Depot  
  84  6:28  SCV  
  84  6:31  SCV  
  86  6:34  Marine x2  
  88  6:49  Siege Tank, Marine x2  
  93  6:59  SCV, Marine  
  93  7:00  SCV, Marine  
  98  7:07  Marine x2  
  99  7:09  Medivac x2  
  99  7:13  Command Center  
  99  7:15  Supply Depot  
  103  7:16  Supply Depot  
  103  7:21  SCV x2  
  105  7:23  Marine x2  
  106  7:39  Marine x2  
  106  7:40  Marine  
  106  7:41  Marine x2  
  106  7:42  SCV x2  
  110  7:54  SCV x2  
  110  7:57  Marine  
  111  8:00  Marine  
  111  8:01  Marine x2  
  111  8:02  Marine  
  111  8:06  SCV  
  111  8:07  SCV  
  113  8:15  Marine  
  113  8:19  SCV x2  
  116  8:21  Factory  
  116  8:25  Barracks  
  116  8:26  Missile Turret  
  116  8:29  Barracks  
  116  8:31  Marine x3  
  119  8:38  Barracks  
  119  8:39  Orbital Command  
  119  8:43  SCV  
  119  8:44  Marine  
  121  8:50  Supply Depot  
  121  8:53  Supply Depot  
  121  9:00  Marine x2, Marauder  
  121  9:02  Marine x2  
  126  9:08  Medivac  
  126  9:09  Factory Tech Lab  
  129  9:11  SCV x2  
  129  9:25  Barracks Tech Lab x3  
  129  9:28  SCV x3  
  134  9:37  Supply Depot x2  
  137  9:39  Supply Depot  
  139  9:42  Supply Depot  
Show
View Real Time Build Order
Export as new Build Order

WoTaN Protoss 

Build Orders: 1 Gate Expand, Blink Stalkers 

Get SALT Encoding   

  12  0:01  Probe (Chrono Boost)  
  13  0:11  Probe (Chrono Boost)  
  14  0:19  Pylon  
  14  0:22  Probe (Chrono Boost)  
  15  0:37  Probe (Chrono Boost)  
  15  0:38  Gateway  
  16  0:43  Assimilator  
  16  0:48  Probe (Chrono Boost)  
  17  0:58  Probe (Chrono Boost)  
  18  1:09  Probe (Chrono Boost)  
  19  1:25  Nexus  
  19  1:35  Cybernetics Core  
  19  1:39  Probe (Chrono Boost)  
  20  1:49  Probe (Chrono Boost)  
  20  1:50  Assimilator  
  21  1:57  Pylon  
  21  2:00  Probe (Chrono Boost)  
  22  2:11  Stalker  
  24  2:19  Mothership Core (Chrono Boost)  
  26  2:25  Warp Gate  
  26  2:38  Probe (Chrono Boost)  
  26  2:39  Probe (Chrono Boost)  
  28  2:50  Probe (Chrono Boost)  
  30  2:51  Probe (Chrono Boost)  
  30  2:58  Stalker  
  30  3:01  Probe (Chrono Boost)  
  30  3:03  Probe (Chrono Boost)  
  33  3:11  Twilight Council  
  33  3:18  Probe (Chrono Boost)  
  33  3:19  Probe (Chrono Boost)  
  35  3:26  Pylon  
  35  3:29  Probe (Chrono Boost)  
  35  3:31  Robotics Facility, Probe (Chrono Boost)  
  35  3:33  Blink  
  38  3:41  Probe (Chrono Boost)  
  38  3:44  Probe (Chrono Boost)  
  39  3:52  Gateway  
  39  3:58  Gateway  
  39  4:04  Pylon  
  39  4:06  Probe (Chrono Boost)  
  39  4:07  Probe (Chrono Boost)  
  41  4:14  Stalker  
  41  4:16  Observer  
  43  4:19  Probe (Chrono Boost)  
  43  4:22  Probe (Chrono Boost)  
  46  4:31  Probe (Chrono Boost)  
  47  4:38  Probe (Chrono Boost)  
  49  4:45  Probe (Chrono Boost)  
  49  4:50  Probe (Chrono Boost)  
  49  4:51  Assimilator  
  49  4:52  Observer  
  50  4:56  Stalker  
  50  4:57  Probe (Chrono Boost), Stalker  
  50  4:58  Stalker  
  58  5:02  Nexus  
  58  5:05  Probe (Chrono Boost)  
  59  5:11  Probe (Chrono Boost)  
  60  5:17  Probe (Chrono Boost)  
  60  5:18  Pylon  
  60  5:21  Pylon  
  61  5:23  Probe (Chrono Boost)  
  62  5:36  Dark Shrine  
  62  5:42  Probe (Chrono Boost), Pylon  
  63  5:43  Assimilator  
  63  5:47  Probe (Chrono Boost), Stalker x3  
  71  5:58  Probe (Chrono Boost)  
  71  6:02  Forge  
  71  6:06  Immortal, Forge  
  75  6:14  Probe x2 (Chrono Boost)  
  77  6:19  Stalker  
  77  6:20  Stalker x2  
  77  6:24  Probe (Chrono Boost)  
  84  6:29  Protoss Ground Weapons Level 1  
  84  6:32  Probe (Chrono Boost)  
  85  6:43  Gateway  
  85  6:45  Gateway  
  85  6:48  Zealot x3, Gateway  
  85  6:50  Gateway  
  85  6:52  Probe (Chrono Boost)  
  85  6:54  Observer  
  94  7:02  Probe (Chrono Boost)  
  94  7:03  Pylon  
  94  7:06  Pylon  
  94  7:10  Pylon  
  94  7:13  Pylon  
  94  7:16  Pylon  
  94  7:17  Pylon  
  94  7:26  Stalker x3  
  92  7:54  Stalker x2  
  92  7:55  Stalker x3  
  94  8:06  Probe x2 (Chrono Boost)  
  94  8:08  Templar Archives  
  94  8:14  Gateway  
  94  8:16  Nexus  
  94  8:21  Templar Archives  
  94  8:22  Nexus  
  94  8:32  Dark Templar x3  
  100  8:53  Pylon  
  100  8:55  Probe (Chrono Boost), Pylon  
  102  8:56  Probe (Chrono Boost)  
  102  9:02  Pylon, High Templar  
  104  9:11  Zealot  
  104  9:12  Zealot x3  
  104  9:13  Zealot  
  99  9:36  Dark Templar  
  101  9:39  Zealot  
  101  9:40  Zealot x3  
Tags
 
Add a new tag
Caveats
  • Supply blocks, unpowered buildings, or Contaminate may cause inaccurate times.
  • Supply counts are checked every 10 seconds.